Map: Overgrowth LE (Void)

Players

Alkatra - Winner!

  • Race: Terran Terran
  • League: Diamond
  • Spawn Location: 7:00

Musumeci

  • Race: Zerg Zerg
  • League: Diamond
  • Spawn Location: 1:00

VOD

Have the link to the VOD?

Description

Time

  • Played on: Jan. 23, 2017, 5:11 p.m.
  • Length: 12:40
Show
View Real Time Build Order
Export as new Build Order

Alkatra Terran - Winner!

Build Orders: Reaper Expand, Hellion Banshee, Mech 

Get SALT Encoding   

  12  0:00  SCV  
  13  0:13  SCV  
  14  0:18  Supply Depot  
  14  0:25  SCV  
  15  0:31  Refinery  
  15  0:39  SCV  
  16  0:45  Barracks  
  16  0:51  SCV  
  17  1:03  SCV  
  18  1:15  SCV  
  19  1:32  Reaper  
  21  1:34  Orbital Command  
  20  1:46  Command Center  
  20  1:59  SCV  
  21  2:01  Factory  
  21  2:11  SCV  
  21  2:15  Barracks Reactor  
  22  2:22  Supply Depot  
  22  2:23  SCV  
  23  2:36  Refinery  
  23  2:44  SCV  
  24  2:56  SCV  
  24  2:58  Starport  
  24  3:06  Barracks Tech Lab  
  24  3:08  SCV  
  24  3:09  Hellion x2  
  24  3:11  Orbital Command, Supply Depot  
  29  3:20  SCV  
  30  3:30  Hellion  
  30  3:32  SCV  
  30  3:33  Hellion  
  35  3:38  SCV  
  36  3:44  SCV  
  36  3:46  Supply Depot  
  36  3:47  Banshee, Cloaking Field  
  40  3:51  Hellion  
  40  3:55  SCV  
  43  4:00  SCV  
  46  4:02  Hellion  
  46  4:07  SCV  
  47  4:12  SCV  
  47  4:13  Hellion  
  50  4:19  SCV  
  51  4:27  SCV  
  52  4:32  Viking  
  52  4:36  SCV  
  52  4:37  Command Center  
  55  4:39  Armory  
  55  4:41  SCV  
  55  4:44  Refinery  
  56  4:45  Refinery  
  56  4:48  SCV  
  57  4:53  SCV  
  57  4:54  Supply Depot  
  57  4:55  Supply Depot  
  57  4:59  Hellion x2  
  62  5:15  SCV x2  
  64  5:27  SCV x2  
  66  5:30  Banshee, Hellion x2  
  73  5:36  Supply Depot  
  73  5:37  Refinery  
  73  5:39  Engineering Bay  
  73  5:40  SCV x2  
  73  5:41  Refinery  
  71  5:52  SCV x2  
  70  6:02  Orbital Command  
  70  6:04  SCV x2  
  68  6:12  Factory x2  
  66  6:26  Terran Vehicle Weapons Level 1  
  66  6:27  SCV  
  66  6:28  Armory  
  67  6:34  SCV  
  67  6:35  SCV  
  69  6:41  SCV  
  69  6:44  Hellion x2  
  74  6:48  SCV  
  74  6:49  SCV  
  74  6:51  Factory  
  74  6:53  Starport Reactor  
  74  6:54  SCV  
  77  6:56  Factory Tech Lab x2  
  77  6:59  Missile Turret x2  
  77  7:00  Missile Turret  
  77  7:03  SCV x2, Missile Turret  
  77  7:06  Missile Turret x2  
  77  7:07  Missile Turret  
  79  7:10  SCV  
  79  7:11  Hellion x5  
  80  7:17  Terran Vehicle And Ship Armor Level 1, SCV  
  80  7:20  SCV  
  80  7:22  Supply Depot  
  82  7:24  Siege Tank x2  
  82  7:25  Liberator, Hellbat x2  
  92  7:32  SCV  
  92  7:35  Infernal Pre-Igniter  
  93  7:39  SCV  
  97  7:46  Hellbat  
  97  7:51  SCV x2  
  101  7:55  SCV, Hellbat  
  101  7:56  Siege Tank  
  101  7:57  Liberator  
  107  8:01  Supply Depot  
  107  8:03  Supply Depot  
  107  8:11  Liberator  
  107  8:13  Siege Tank  
  107  8:18  SCV  
  109  8:23  SCV  
  109  8:24  Supply Depot  
  109  8:25  Supply Depot  
  109  8:26  Supply Depot  
  110  8:27  Terran Vehicle Weapons Level 2  
  110  8:28  Supply Depot  
  110  8:29  Thor, Supply Depot  
  110  8:31  Supply Depot  
  110  8:34  Command Center  
  119  8:39  Hellbat  
  119  8:40  Hellbat  
  123  8:41  Liberator  
  123  8:51  Siege Tank x2  
  130  8:55  SCV  
  130  8:56  SCV, Refinery x2  
  117  9:22  Siege Tank  
  107  9:27  Liberator  
  107  9:28  Liberator  
  107  9:29  SCV  
  102  9:33  Thor x2  
  102  9:34  Hellbat x2  
  114  9:40  SCV  
  114  9:45  Planetary Fortress  
  121  9:55  Siege Tank  
  121  9:57  SCV  
  121  9:58  SCV  
  126  10:02  Factory  
  126  10:03  Hellbat x2  
  126  10:04  SCV  
  131  10:09  SCV  
  131  10:10  Liberator  
  132  10:14  Terran Vehicle And Ship Armor Level 2  
  132  10:15  Liberator  
  132  10:16  Siege Tank x2  
  132  10:17  SCV  
  132  10:18  SCV  
  132  10:21  Starport, SCV  
  140  10:26  Hellbat x2  
  140  10:27  Siege Tank  
  151  10:29  SCV  
  151  10:33  SCV  
  156  10:36  SCV  
  156  10:40  SCV  
  158  10:47  Factory Tech Lab, Hellbat  
  158  10:48  Siege Tank  
  165  10:50  Hellbat  
  165  10:53  Liberator  
  164  11:09  Siege Tank x2  
  167  11:12  Siege Tank  
  167  11:16  Hellbat x2  
  172  11:20  Siege Tank  
  163  11:37  Liberator, Hellbat  
  163  11:38  Hellbat  
  167  11:41  Siege Tank x2  
  167  11:44  Hellbat  
  175  11:52  Siege Tank  
  172  11:59  Hellbat x2  
  179  12:06  Siege Tank  
  182  12:13  Hellbat  
Show
View Real Time Build Order
Export as new Build Order

Musumeci Zerg 

Build Orders: Hatch First 

Get SALT Encoding   

  12  0:08  Drone x2  
  12  0:14  Extractor  
  13  0:17  Drone  
  15  0:40  Hatchery  
  14  0:44  Extractor  
  14  0:45  Drone  
  15  1:03  Spawning Pool  
  14  1:11  Extractor  
  13  1:14  Drone x2, Extractor  
  14  1:21  Overlord  
  16  1:39  Drone  
  18  1:40  Drone  
  18  1:49  Drone  
  18  1:51  Queen  
  18  1:52  Queen  
  23  1:55  Drone  
  23  1:57  Drone  
  25  2:03  Overlord  
  25  2:08  Drone  
  25  2:09  Extractor  
  26  2:26  Queen  
  26  2:27  Queen  
  30  2:33  Drone x2  
  30  2:34  Drone x2  
  34  2:37  Extractor  
  34  2:41  Drone x2  
  35  2:59  Drone  
  36  3:06  Extractor  
  36  3:07  Extractor, Roach Warren  
  33  3:14  Drone x3  
  33  3:17  Overlord  
  36  3:21  Hatchery, Overlord  
  35  3:51  Drone x5  
  40  3:55  Evolution Chamber  
  40  3:57  Evolution Chamber  
  40  3:59  Drone x3  
  40  4:00  Roach, Drone  
  40  4:01  Roach  
  40  4:02  Overlord  
  46  4:16  Spore Crawler  
  45  4:17  Spore Crawler  
  45  4:19  Spore Crawler  
  45  4:22  Roach, Spore Crawler  
  44  4:31  Roach x3  
  50  4:41  Drone x4  
  50  4:42  Drone  
  56  4:45  Drone  
  56  4:50  Extractor  
  56  4:51  Extractor  
  54  4:56  Drone x4  
  58  5:07  Evolution Chamber  
  58  5:10  Spore Crawler x2  
  58  5:12  Spore Crawler  
  53  5:18  Spore Crawler  
  53  5:21  Spore Crawler  
  44  6:06  Ravager x2  
  44  6:10  Drone x18  
  58  6:25  Lair  
  54  6:34  Extractor  
  54  6:37  Extractor  
  54  6:38  Drone  
  54  6:39  Drone x5  
  58  6:43  Zerg Ground Armor Level 1, Zerg Missile Weapons Level 1  
  58  6:45  Overlord x2  
  58  7:03  Roach x7  
  72  7:18  Drone x2  
  72  7:22  Overlord x3  
  74  7:23  Overlord x2  
  74  7:41  Glial Reconstitution  
  74  7:45  Drone x4  
  74  7:46  Drone  
  74  7:48  Drone  
  74  7:49  Drone x3  
  74  7:50  Drone  
  84  7:52  Drone x4  
  84  7:55  Ravager x7  
  84  7:56  Roach  
  97  8:01  Overlord  
  97  8:20  Roach x8  
  97  8:22  Ravager  
  114  8:39  Zerg Missile Weapons Level 2, Zerg Ground Armor Level 2  
  114  8:47  Overlord x3  
  114  8:55  Hatchery  
  114  8:57  Extractor  
  114  8:59  Extractor  
  105  9:15  Ravager x5  
  105  9:17  Ravager  
  92  9:28  Roach x7  
  92  9:29  Roach x2  
  95  9:51  Spire  
  94  9:55  Roach x5  
  94  9:56  Drone x3  
  94  9:58  Drone x6  
  113  10:04  Drone x3  
  116  10:20  Overlord x4  
  116  10:22  Ravager x3  
  116  10:23  Hatchery, Extractor  
  116  10:25  Ravager x2  
  116  10:26  Ravager x3  
  116  10:27  Drone x3  
  125  10:35  Infestation Pit  
  124  10:52  Extractor  
  118  11:10  Mutalisk x18  
  118  11:11  Mutalisk x2  
  121  11:33  Mutalisk x5  
  100  11:56  Roach  
  100  11:57  Roach x19  
  100  11:58  Roach  
  126  12:17  Ravager  
  126  12:18  Ravager x4  
Tags
 
Add a new tag
Caveats
  • Supply blocks, unpowered buildings, or Contaminate may cause inaccurate times.
  • Supply counts are checked every 10 seconds.